 Dungeon Crawl Stone Soup version 0.24-a0-434-gd57e52fea8 (webtiles) character file.

Game seed: 6598805287867449259

112 vurker the Chopper (level 4, 0/41 HPs)
             Began as a Draconian Berserker on June 15, 2019.
             Was a Believer of Trog.
             Succumbed to Robin's poison
             ... on level 3 of the Dungeon.
             The game lasted 00:02:54 (2115 turns).

vurker the Chopper (Draconian Berserker)            Turns: 2115, Time: 00:02:55

Health: 0/41       AC:  5    Str: 21    XL:     4   Next: 63%
Magic:  4/4        EV: 12    Int:  7    God:    Trog [**....]
Gold:   97         SH:  0    Dex: 10    Spells: 3/3 levels left

rFire    . . .     SeeInvis .   a - +0 hand axe
rCold    . . .     Gourm    .   (no shield)
rNeg     . . .     Faith    .   (armour unavailable)
rPois    .         Spirit   .   (helmet restricted)
rElec    .         Reflect  .   (no cloak)
rCorr    .         Harm     .   (no gloves)
MR       .....                  (no boots)
Stlth    +.........             (no amulet)
HPRegen  0.13/turn              (no ring)
MPRegen  0.09/turn              (no ring)

@: lethally poisoned (0 -> -24), hasted, very quick
A: unfitting armour, cold-blooded, AC +5
a: Berserk, Trog's Hand, Renounce Religion


You were on level 3 of the Dungeon.
You worshipped Trog.
Trog was pleased with you.
You were not hungry.

You visited 1 branch of the dungeon, and saw 3 of its levels.

You collected 97 gold pieces.

Inventory:

Hand Weapons
 a - a +0 hand axe (weapon)
Scrolls
 c - a scroll of fear {unknown}
 d - 2 scrolls of remove curse {unknown}
 f - a scroll of enchant weapon {unknown}
 h - a scroll of identify {unknown}
 j - a scroll of amnesia {unknown}
Comestibles
 e - 2 rations {!d}
 g - 2 chunks of flesh


   Skills:
 + Level 4.3 Fighting
 * Level 4.8 Axes
 - Level 2.6 Dodging


You had 3 spell levels left.
You didn't know any spells.
Your spell library was empty.

Dungeon Overview and Level Annotations

Branches:
Dungeon (3/15)

Altars:


Innate Abilities, Weirdness & Mutations

Your plain brown scales are hard. (AC +5)
You cannot fit into any form of body armour.
You are cold-blooded and may be slowed by cold attacks.


Message History

You feel sick. Robin misses you.
It was a potion of heal wounds.
You feel much better.
You hit Robin.
Your tail-slap misses Robin.
You feel sick.
Robin hits you with a +2 short sword of venom.
You hit Robin but do no damage. You tail-slap Robin.
You feel sick. Robin completely misses you.
Unknown command.
You hit Robin. You tail-slap Robin.
You feel sick.
You barely miss Robin.
You feel sick. Robin barely misses you.
You hit Robin.
You feel sick.
Robin hits you with a +2 short sword of venom!
* * * LOW HITPOINT WARNING * * *
You are lethally poisoned!
You hit Robin but do no damage.
Your tail-slap misses Robin.
* * * LOW HITPOINT WARNING * * *
You feel sick. Robin hits you but does no damage.
You are more poisoned.
You hit Robin. You tail-slap Robin.
* * * LOW HITPOINT WARNING * * *
You feel sick.
You closely miss Robin.
* * * LOW HITPOINT WARNING * * *
You feel sick.
Robin says, "My goblins will feast on your bones."
Robin hits you but does no damage.
You are more poisoned.
You hit Robin.
You kill Robin!
Trog accepts your kill.
* * * LOW HITPOINT WARNING * * *
You feel sick.
Okay, then.
* * * LOW HITPOINT WARNING * * *
You feel sick.
Found 16 sling bullets.
Items here: )))) ††††
* * * LOW HITPOINT WARNING * * *
You feel sick.
* * * LOW HITPOINT WARNING * * *
You feel sick.
* * * LOW HITPOINT WARNING * * *
You feel sick.
* * * LOW HITPOINT WARNING * * *
You feel sick.
You see here 16 sling bullets.
* * * LOW HITPOINT WARNING * * *
You feel sick.
* * * LOW HITPOINT WARNING * * *
You feel sick.
You die...

### ## #.. ... #.#
.... #.# .....#####
#.# .......<##
#####@### .....##.##
#.......## .....##.##
#........# ..........
#.(##.#..# ####.##.#)
#..#.<#..# #. #...
#..#)##..#######.##.#.
#..#)##..##.......#.#.
#..)(†...##...........
####)######.#####.####


There were no monsters in sight!

Vanquished Creatures
  Robin (D:3)
  2 adders (D:3)
  2 oozes
  3 worms (D:2)
  A dart slug (D:1)
  3 leopard geckos (D:2)
  An orc (D:3)
  A giant cockroach (D:1)
  13 goblins
  11 hobgoblins
  A jackal (D:2)
  2 quokkas (D:2)
  3 bats
  2 frilled lizards (D:2)
  6 kobolds
  3 rats
55 creatures vanquished.

Notes
Turn   | Place    | Note
-------+----------+-------------------------------------------
     0 | D:1      | vurker the Draconian Berserker began the quest for the Orb.
     0 | D:1      | Reached XP level 1. HP: 19/19 MP: 1/1
   537 | D:1      | Reached XP level 2. HP: 25/26 MP: 2/2
  1136 | D:2      | Reached XP level 3. HP: 33/33 MP: 3/3
  1669 | D:2      | Reached ** piety under Trog
  1977 | D:3      | Reached XP level 4. HP: 34/40 MP: 4/4
  2083 | D:3      | Noticed Robin
  2107 | D:3      | Killed Robin
  2113 | D:3      | HP: 2/41 [poisoned by Robin]
  2115 | D:3      | Succumbed to Robin's poison

Levels and vault maps discovered:
D:1:      dpeg_arrival_rooms_c, layout_loops_ring
D:2:      cheibrodos_old_hovel, layout_rooms
D:3:      kb_forest_paths, layout_loops_cross, marbit_many_paths,
          overflow_temple_1_default, tso_metal_star, trog_hazing_becter,
          uniq_robin, uniq_terence

Skill      XL: |  1  2  3 |
---------------+----------+-----
Axes           | 4 |  4.8
Fighting       | 4 |  4.3
Dodging        | |  2.6

Action                   |  1- 3 |  4- 6 || total
-------------------------+-------+-------++-------
Melee: Hand axe          |   108 |    42 ||   150
       Tailslap          |    13 |    10 ||    23
Invok: Berserk           |     1 |       ||     1
  Use: Potion            |       |     2 ||     2
 Stab: Sleeping          |     1 |       ||     1
  Eat: Chunk             |     4 |     1 ||     5
Armor: Skin              |    21 |     8 ||    29
Dodge: Dodged            |    62 |    25 ||    87

Table legend:
 A = Non-vault XP
 B = Vault XP
 C = Vault XP percentage of total XP
 D = Non-vault monster count
 E = Vault monster count
 F = Vault count percentage of total count
                 A         B        C        D         E       F
            +---------+---------+-------+---------+---------+-------
      Total |     120 |      40 |  25.0 |      42 |      13 |  23.6
            +---------+---------+-------+---------+---------+-------
        D:1 |      30 |       0 |   0.0 |      17 |       0 |   0.0
        D:2 |      50 |       2 |   3.8 |      19 |       1 |   5.0
        D:3 |      40 |      38 |  48.7 |       6 |      12 |  66.7
            +---------+---------+-------+---------+---------+-------
